AoeStats
← 3971382

Arabia

504047974Analyzed
1v1 RM · 28d ago on Sep 3, 2026· 61m 50s· 2 players
Game mode
Random Map
Map size
Tiny (2 player)
Population
200
Speed
Normal
Resources
Standard
Victory
Conquest
Starting age
Dark Age
Ending age
Imperial Age
RankedLock teamsTeams togetherTeam positionsShared explorationLock speedFull tech treeHidden civsTurbo modeCheats
Victory
Defeat
🇻🇳 Vietnamese · Vietnam
299
+11
🇮🇱 Celts · Israel
191
-11
Dai Viet
10:20 Loom
13:34 Feudal Age
17:37 Castle Age
17:39 Double-Bit Axe
20:18 Bow Saw
19:55 Horse Collar
22:19 Wheelbarrow
26:05 Gold Mining
26:12 Stone Mining
29:43 Imperial Age
27:36 Hand Cart
27:08 Town Watch
27:29 Murder Holes
29:05 Heavy Plow
28:42 Pikeman
29:23 Squires
29:43 Forging
29:57 Fortified Wall
30:39 Stone Shaft Mining
33:48 Chemistry
32:59 Town Patrol
33:17 Town Patrol
32:59 Halberdier
40:06 Elite Rattan Archer
41:22 Hoardings
43:52 Bombard Tower
44:12 Iron Casting
43:39 Scale Mail Armor
43:45 Scale Barding Armor
43:41 Padded Archer Armor
43:32 Fletching
47:09 Cavalier
47:50 Husbandry
47:17 Elite Battle Elephant
49:03 Crop Rotation
3971382
0:59 Loom
13:28 Feudal Age
14:08 Gold Mining
14:09 Stone Mining
14:10 Double-Bit Axe
15:13 Wheelbarrow
18:17 Horse Collar
22:28 Town Watch
24:07 Forging
29:36 Castle Age
31:26 Hand Cart
31:25 Bow Saw
31:19 Heavy Plow
31:57 Gold Shaft Mining
32:02 Stone Shaft Mining
37:25 Imperial Age
36:48 Guard Tower
38:49 Iron Casting
40:20 Sanctity
42:16 Keep
42:43 Chemistry
41:36 Heated Shot
42:54 Blast Furnace
41:45 Fletching
43:00 Town Patrol
42:36 Crossbowman
44:36 Stronghold
44:19 Sappers
47:05 Ballistics
49:18 Bodkin Arrow
53:21 Capped Ram
54:10 Arrowslits
54:25 Siege Ram
Connection lost

Rejoining the realm…

Still unreachable

The connection could not be restored.

Session expired

The server has moved on; the page needs a fresh start.